 Dungeon Crawl Stone Soup version 0.29-a0-824-gd827844252 (webtiles) character file.

Game seed: 8552972376925867057

2 Malachi the Magician (level 1, -2/15 HPs)
             Began as a Djinni Ice Elementalist on July 10, 2022.
             Slain by an endoplasm (3 damage)
             ... on level 1 of the Dungeon.
             The game lasted 00:00:10 (26 turns).

Malachi the Magician (Djinni Ice Elementalist)        Turns: 26, Time: 00:00:11

Health: -2/15      AC:  2    Str:  7    XL:     1   Next: 44%
Gold:   15         EV: 12    Int: 16    God:
                   SH:  0    Dex: 13

rFire   + + .      SeeInvis .   (no weapon)
rCold   x . .      Faith    .   (no shield)
rNeg    . . .      Spirit   .   a - +0 robe
rPois   ∞          Reflect  .   (no helmet)
rElec   .          Harm     .   (no cloak)
rCorr   .          Rampage  .   (no gloves)
Will    .....                   (boots unavailable)
Stlth   ++........              (no amulet)
HPRegen 0.05/turn               (no ring)
MPRegen 0.00/turn               (no ring)

@: flying
A: sickness immunity, fire resistance 2, cold vulnerability 1, float, innate
caster, HP casting, extra vitality 1
a: no special abilities


You were on level 1 of the Dungeon.
You visited 1 branch of the dungeon, and saw 1 of its levels.

You collected 15 gold pieces.

Inventory:

Armour
 a - a +0 robe (worn)


   Skills:
 - Level 2.1 Dodging
 - Level 1.5 Stealth
 * Level 3.3 Spellcasting


You couldn't memorise any spells.
You knew the following spells:

 Your Spells              Type           Power      Damage    Failure   Level
a - Freeze                Ice            52%        1d7       4%          1
b - Frozen Ramparts       Ice            26%        1d4       14%         3
c - Ozocubu's Armour      Ice            13%        N/A       14%         3
d - Hailstorm             Conj/Ice       13%        3d5       41%         4
Your spell library was empty.

Dungeon Overview and Level Annotations

Branches:
Dungeon (1/15)

Altars:


Innate Abilities, Weirdness & Mutations

You are immune to sickness and miasma.
You are immune to poison.
Your flesh is very heat resistant. (rF++)
You are vulnerable to cold. (rC-)
You float through the air rather than walking.
You learn spells naturally, not from books.
Your magical power is your life essence.
You have superior vitality. (+4 MHP)


Message History

A goblin comes into view. It is wielding a +0 dagger.
Aiming: Freeze (safe; 4% risk of failure)
Press: ? - help, Q - select action Shift-Dir - straight line, f - goblin
Aim: a goblin, wielding a +0 dagger You freeze the goblin.
You kill the goblin!
Unknown command.
The quokka closely misses you. The endoplasm freezes you.
You are frozen.
You feel a terrible chill!
You see here a +0 dagger.
Aiming: Freeze (safe; 4% risk of failure)
Press: ? - help, Q - select action Shift-Dir - straight line, f - quokka
Aim: a quokka You freeze the quokka.
The quokka is almost dead.
The quokka closely misses you. The endoplasm misses you.
Aiming: Freeze (safe; 4% risk of failure)
Press: ? - help, Q - select action Shift-Dir - straight line, f/p - quokka
Aim: a quokka (almost dead)
You freeze the quokka.
You kill the quokka!
The endoplasm freezes you.
You are frozen.
You feel a terrible chill!
Aiming: Freeze (safe; 4% risk of failure)
Press: ? - help, Q - select action Shift-Dir - straight line, f - goblin
Aim: a goblin, wielding a +0 dagger You freeze the goblin.
The goblin is moderately wounded.
* * * LOW HITPOINT WARNING * * *
The goblin completely misses you. The endoplasm hits you.
* * * LOW HITPOINT WARNING * * *
Aiming: Freeze (safe; 4% risk of failure)
Press: ? - help, Q - select action Shift-Dir - straight line, f/p - goblin
Aim: a goblin, wielding a +0 dagger (moderately wounded)
You freeze the goblin.
You kill the goblin!
* * * LOW HITPOINT WARNING * * *
The endoplasm hits you.
You die...

#. #. #. . #.
..####.########
..............##########
....$.J....####.........
......)@..##............
...###.###.......⌠...⌠..
#. ##...⌠......... .#
#.........≈.... #.
#...⌠.......... #.
+......≈.....≈. #
#...⌠..........
#.........≈....
##...⌠.........


You could see an endoplasm.

Vanquished Creatures
  2 goblins (D:1)
  A quokka (D:1)
3 creatures vanquished.

Notes
Turn   | Place    | Note
-------+----------+-------------------------------------------
     0 | D:1      | Malachi the Djinni Ice Elementalist began the quest for the
                  | Orb.
     0 | D:1      | Malachi set off with the following spells memorised:
                  | Freeze, Frozen Ramparts, Ozocubu's Armour, Hailstorm.
     0 | D:1      | Reached XP level 1. HP: 15/15 MP: 0/0
    26 | D:1      | Slain by an endoplasm

Illustrated notes

Levels and vault maps discovered:
D:1:      dpeg_arrival_stone_temple_mockup, layout_loops_ring,
          hellmonk_ecumenical_altar_leap_of_faith

Action                   || total
-------------------------++-------
 Cast: Freeze            ||     5
Dodge: Dodged            ||     4

Table legend: (Time is in decaauts)
 A = Elapsed time spent in this place.
 B = Non-inter-level travel time spent in this place.
 C = Inter-level travel time spent in this place.
 D = Time resting spent in this place.
 E = Time spent auto-exploring this place.
 F = Levels seen in this place.
 G = Mean time per level.
                   A        B        C        D        E       F      G
               +--------+--------+--------+--------+--------+-----+--------+
         Total |     26 |     26 |      0 |      0 |     17 |   1 |   26.0 |
       Dungeon |     26 |     26 |      0 |      0 |     17 |   1 |   26.0 |
               +--------+--------+--------+--------+--------+-----+--------+

Top non-repeatable levels by time:
     D:1: 26 daAuts
